 Dungeon Crawl Stone Soup version 0.29-a0-111-gbaf749a769 (webtiles) character file.

Game seed: 10813021766135888412

3575 TheGamechu the Fighter (level 9, -8/83 HPs)
             Began as a Minotaur Fighter on Feb 17, 2022.
             Was an Initiate of Ru.
             Mangled by Grum (12 damage)
             ... on level 8 of the Dungeon.
             The game lasted 00:22:45 (6872 turns).

TheGamechu the Fighter (Minotaur Fighter)           Turns: 6872, Time: 00:22:46

Health: -8/83      AC: 12    Str: 20    XL:     9   Next: 84%
Magic:  8/8        EV:  8    Int:  5    God:    Ru [......]
Gold:   540        SH:  0    Dex: 21    Spells: 8/8 levels left

rFire   . . .      SeeInvis +   A - +0 battleaxe (drain)
rCold   . . .      Faith    .   (shield currently unavailable)
rNeg    . . .      Spirit   .   h - +0 chain mail
rPois   .          Reflect  .   (helmet restricted)
rElec   .          Harm     .   (no cloak)
rCorr   .          Rampage  .   (no gloves)
Will    .....                   b - +0 pair of boots
Stlth   ..........              r - amulet of regeneration
HPRegen 1.03/turn               e - ring of see invisible
MPRegen 0.11/turn               x - +6 ring of dexterity

@: no status effects
A: horns 2, retaliatory headbutt
a: Renounce Religion, Sacrifice Arcana, Sacrifice Drink, Sacrifice Health,
Reject Sacrifices


You were on level 8 of the Dungeon.
You worshipped Ru.
Ru was noncommittal.
You visited 2 branches of the dungeon, and saw 9 of its levels.

You collected 540 gold pieces.

Inventory:

Hand Weapons
 a - a +0 war axe
 t - a +3 halberd of flaming
 A - a +0 battleaxe of draining (weapon)
Missiles
 g - 247 stones
 k - 23 poisoned darts
 l - a silver boomerang
 p - 3 boomerangs (quivered)
 v - 3 curare-tipped darts
Armour
 b - a +0 pair of boots (worn)
 c - a +1 buckler
 h - a +0 chain mail (worn)
Jewellery
 e - a ring of see invisible (left hand)
 j - a ring of protection from cold
 n - a ring of magical power
 r - an amulet of regeneration (around neck)
 u - a ring of resist corrosion
 x - a +6 ring of dexterity (right hand)
Wands
 m - a wand of flame (24)
 o - a wand of iceblast (18)
 y - a wand of mindburst (9)
Scrolls
 q - 5 scrolls of teleportation
 s - a scroll of fog
 w - 4 scrolls of enchant armour
Potions
 d - 2 potions of might
 f - 4 potions of curing
 i - 2 potions of haste
 z - a potion of berserk rage
 B - a potion of heal wounds


   Skills:
 + Level 9.2 Fighting
 + Level 8.8 Axes
 + Level 6.6 Throwing
 + Level 9.1 Armour
 - Level 5.0 Shields


You had 8 spell levels left.
You didn't know any spells.
Your spell library contained the following spells:

 Spells                   Type           Power      Damage    Failure   Level
 Blink                    Tloc           0%         N/A       99%         2
 Sublimation of Blood     Necr           0%         N/A       99%         2
 Lesser Beckoning         Tloc           0%         N/A       100%        3
 Summon Guardian Golem    Hex/Summ       0%         N/A       100%        3
 Petrify                  Tmut/Erth      0%         N/A       100%        4
 Irradiate                Conj/Tmut      0%         3d14      100%        5
 Manifold Assault         Tloc           0%         N/A       100%        5
 Summon Forest            Summ/Tloc      0%         N/A       100%        5
 Eringya's Noxious Bog    Tmut/Pois      0%         N/A       100%        6
 Orb of Destruction       Conj           0%         9d5       100%        7
 Spellforged Servitor     Conj/Summ      0%         N/A       100%        7
 Summon Hydra             Summ           0%         N/A       100%        7


Dungeon Overview and Level Annotations

Branches:
Dungeon (8/15)             Temple (1/1) D:7
   Lair: D:8-11

Altars:
Ashenzari
Cheibriados
Dithmenos
Elyvilon
Gozag
Hepliaklqana
Kikubaaqudgha
Okawaru
Qazlal
Ru
Uskayaw
Xom
Yredelemnul
Zin
The Shining One

Shops:
D:5 :

Annotations:
D:8 Grum


Innate Abilities, Weirdness & Mutations

You have a pair of horns on your head.
You reflexively headbutt those who attack you in melee.


Message History

The wolf bites you!
You closely miss the wolf.
The wolf is heavily wounded.
The wolf bites you but does no damage.
You slash the wolf!
You kill the wolf!
You hit the wolf. You drain the wolf. The wolf bites you but does no damage.
Grum hits you but does no damage. The wolf bites you but does no damage.
Grum hits you from afar with a -1 spear!
You are too injured to fight recklessly!
You are too injured to fight recklessly!
You barely miss the wolf.
The wolf is almost dead.
The wolf barely misses you. The wolf bites you but does no damage.
Grum barely misses you.
You closely miss the wolf. Your headbutt misses the wolf.
The wolf is severely wounded.
The wolf bites you. The wolf bites you but does no damage.
Grum hits you from afar with a -1 spear.
You hit the wolf.
You kill the wolf!
Grum hits you from afar with a -1 spear.
Grum hits you with a -1 spear.
You see here a wolf corpse.
You closely miss Grum. Your headbutt misses Grum.
Grum hits you with a -1 spear!
* * * LOW HITPOINT WARNING * * *
You slash Grum! You drain Grum.
Grum is heavily wounded.
Grum hits you with a -1 spear!
* * * LOW HITPOINT WARNING * * *
Grum closely misses you. You furiously retaliate!
You headbutt Grum, but do no damage. You completely miss Grum.
Grum is heavily wounded.
Grum hits you but does no damage.
You barely miss Grum.
Grum is heavily wounded.
Grum hits you with a -1 spear!
You die...

#...#..........##.##.....))......
...........#.#.....####.##)......
.#..#.#....#...##..####.###......
.#..#.##.#.##.# #.......# #......
....#.##..)...# ##.###### #......
....#.####)#### #.# #######
.........#.## ###.# ...##.......#
#.†.# ..###.......####@##### .##
#..†....#....gh..# ##
#.......#.#..##..# ##
#.......#.#..##..# .#
#.......#.#......# .##
#.......#.#.##...# ..#
#########.#.##...# ..# #........#
..#### ##.....###


You could see Grum (drained) and a wolf.

Vanquished Creatures
  Joseph (D:7)
  Maggie (D:7)
  A hornet (D:8)
  Menkaure (D:7)
  An acid dragon (D:8)
  A water moccasin (D:7)
  A hornet zombie (D:7)
  2 ice beasts
  An orc warrior (D:8)
  A sky beast (D:6)
  2 necrophages
  2 centaurs
  2 wolves (D:8)
  3 kobold brigands
  A gnoll sergeant (D:5)
  A bullfrog (D:8)
  2 scorpions
  2 howler monkeys
  7 wights
  A bullfrog zombie (D:5)
  2 centaur zombies
  2 hounds
  An orc priest (D:8)
  A centaur skeleton (D:7)
  3 bullfrog skeletons
  3 iguanas (D:5)
  An orc wizard (D:8)
  A scorpion zombie (D:5)
  A hound skeleton (D:5)
  4 adders
  2 howler monkey skeletons (D:4)
  8 gnolls
  An ufetubus (D:5)
  2 dart slugs
  10 orcs
  6 ball pythons
  10 bats
  8 endoplasms
  2 giant cockroaches
  15 goblins
  11 hobgoblins
  6 jackals
  2 quokkas
  3 frilled lizards
  24 kobolds
  2 rats
165 creatures vanquished.

Vanquished Creatures (others)
  An orc wizard (D:8)
1 creature vanquished.

Grand Total: 166 creatures vanquished

Notes
Turn   | Place    | Note
-------+----------+-------------------------------------------
     0 | D:1      | TheGamechu the Minotaur Fighter began the quest for the
                  | Orb.
     0 | D:1      | Reached XP level 1. HP: 19/19 MP: 0/0
   238 | D:1      | Reached XP level 2. HP: 27/27 MP: 1/1
   626 | D:2      | Reached XP level 3. HP: 31/33 MP: 2/2
  1403 | D:2      | Found a faded altar of an unknown god.
  1456 | D:2      | Reached XP level 4. HP: 23/41 MP: 3/3
  2205 | D:4      | Noticed a scorpion
  2209 | D:4      | Reached skill level 1 in Throwing
  2209 | D:4      | Reached XP level 5. HP: 45/47 MP: 4/4
  2253 | D:4      | Reached skill level 5 in Shields
  2383 | D:4      | Found a shadowy altar of Dithmenos.
  2510 | D:4      | Reached XP level 6. HP: 51/55 MP: 5/5
  2513 | D:4      | Reached skill level 5 in Fighting
  2513 | D:4      | Reached skill level 5 in Armour
  2653 | D:4      | Found an iron altar of Okawaru.
  3015 | D:5      | Entered Level 5 of the Dungeon
  3021 | D:5      | Found Pelasm's Book Shoppe.
  3203 | D:5      | Reached skill level 5 in Axes
  3203 | D:5      | Reached XP level 7. HP: 37/54 MP: 6/6
  3671 | D:5      | Identified the ring of Beauty {MP+9 Str+3}
  4039 | D:5      | Reached XP level 8. HP: 70/71 MP: 7/7
  4986 | D:6      | Found a sacrificial altar of Ru.
  4994 | D:6      | Became a worshipper of Ru the Awakened
  5393 | D:7      | Noticed Maggie
  5410 | D:7      | HP: 3/73 [Maggie (3)]
  5422 | D:7      | Killed Maggie
  5423 | D:7      | Reached skill level 5 in Throwing
  5483 | D:7      | Reached XP level 9. HP: 50/81 MP: 8/8
  5613 | D:7      | Noticed Joseph
  5630 | D:7      | Killed Joseph
  5772 | D:7      | Found a staircase to the Ecumenical Temple.
  5792 | Temple   | Entered the Ecumenical Temple
  6269 | D:7      | Noticed Menkaure
  6275 | D:7      | Killed Menkaure
  6630 | D:8      | Noticed a death knight
  6630 | D:8      | Noticed a centaur warrior
  6630 | D:8      | Noticed a cyclops
  6630 | D:8      | Noticed a red ugly thing
  6630 | D:8      | Noticed a cyclops
  6630 | D:8      | Found the brooch of Shielding {Spirit SH+8}
  6630 | D:8      | Noticed a troll
  6642 | D:8      | Noticed a two-headed ogre
  6712 | D:8      | Noticed a seven-headed hydra
  6713 | D:8      | Noticed a centaur warrior
  6714 | D:8      | Noticed a troll
  6731 | D:8      | Noticed an unseen horror
  6738 | D:8      | Paralysed by a hornet for 2 turns
  6765 | D:8      | Identified the +0 ring mail "Lodixeec" {rF+}
  6849 | D:8      | Noticed Grum
  6870 | D:8      | HP: 1/83 [Grum (14)]
  6872 | D:8      | Mangled by Grum

Illustrated notes

Levels and vault maps discovered:
D:1:      giann_horns, layout_rooms, minmay_unequal
D:2:      layout_loops_corners, hellmonk_ecumenical_altar_crossroads
D:3:      layout_rooms
D:4:      layout_basic, okawaru_trees_1,
          nicolae_dithmenos_through_a_glass_darkly, minivault_1
D:5:      layout_basic, serial_shops, nicolae_inconvenience_store,
          kennysheep_doodads
D:6:      layout_layer_cave, nicolae_ru_path_of_blood
D:7:      layout_basic, minmay_temple_entry_grid, hangedman_decor_growths,
          minmay_misc_feat_nine_boxes, uniq_joseph, uniq_maggie, uniq_menkaure
D:8:      layout_loops_cross, vehumet_altar_wand_db,
          mainiacjoe_overflow_cross_hatched, minivault_12, uniq_grum,
          uniq_gastronok
Temple:   minmay_temple_forest_path

Skill      XL: |  1  2  3  4  5  6  7  8  9 |
---------------+----------------------------+-----
Shields        | 4 5 |  5.0
Armour         | 4 5 6 7 9 |  9.1
Fighting       | 4 5 6 7 9 |  9.2
Axes           | 3 4 5 7 8 |  8.8
Throwing       | 1 2 3 5 6 |  6.6

Action                   |  1- 3 |  4- 6 |  7- 9 || total
-------------------------+-------+-------+-------++-------
Melee: War axe           |   102 |   107 |   200 ||   409
       Headbutt          |     9 |    11 |    53 ||    73
       Battleaxe         |       |       |    42 ||    42
Throw: Stone             |     3 |    14 |    14 ||    31
       Dart              |       |       |     9 ||     9
       Boomerang         |       |       |     4 ||     4
Evoke: Wand              |       |       |    15 ||    15
  Use: Scroll            |     9 |     4 |     4 ||    17
       Potion            |       |       |     4 ||     4
Armor: Scale mail        |    63 |    32 |       ||    95
       Chain mail        |       |     8 |   141 ||   149
Dodge: Dodged            |    49 |    56 |    93 ||   198
Block: Buckler           |    30 |    43 |    91 ||   164

Table legend: (Time is in decaauts)
 A = Elapsed time spent in this place.
 B = Non-inter-level travel time spent in this place.
 C = Inter-level travel time spent in this place.
 D = Time resting spent in this place.
 E = Time spent auto-exploring this place.
 F = Levels seen in this place.
 G = Mean time per level.
                   A        B        C        D        E       F      G
               +--------+--------+--------+--------+--------+-----+--------+
         Total |   7010 |   6706 |    304 |     48 |   5185 |   9 |  778.9 |
       Dungeon |   6645 |   6375 |    270 |     48 |   4867 |   8 |  830.6 |
        Temple |    364 |    330 |     34 |      0 |    318 |   1 |  364.0 |
               +--------+--------+--------+--------+--------+-----+--------+

Top non-repeatable levels by time:
     D:5: 1206 daAuts
     D:2: 1089 daAuts
     D:6: 1048 daAuts
     D:4: 880 daAuts
     D:7: 863 daAuts
     D:1: 689 daAuts
     D:3: 477 daAuts
     D:8: 389 daAuts
  Temple: 364 daAuts
